 Dungeon Crawl Stone Soup version 0.20.1-1-g8b1a95d (webtiles) character file.

177 Knicklaso the Insei (level 5, -1/40 HPs)
             Began as a Draconian Transmuter on July 15, 2017.
             Was a Follower of Cheibriados.
             Killed by divine providence
             ... invoked by an orc priest
              (14 damage)
             ... on level 3 of the Dungeon.
             The game lasted 00:09:27 (2591 turns).

Knicklaso the Insei (Draconian Transmuter)          Turns: 2591, Time: 00:09:29

Health: -1/40      AC:  5    Str: 14    XL:     5   Next: 31%
Magic:  7/8        EV: 12    Int: 16    God:    Cheibriados [*.....]
Gold:   200        SH:  0    Dex: 14    Spells: 7/8 levels left

rFire    . . .     SeeInvis .     - Unarmed
rCold    . . .     Gourm    .   (no shield)
rNeg     . . .     Faith    .   (armour unavailable)
rPois    .         Spirit   .   (helmet restricted)
rElec    .         Reflect  .   (no cloak)
rCorr    .         Harm     .   (no gloves)
MR       .....                  (boots currently unavailable)
Stlth    +.........             (no amulet)
Regen    0.2/turn               (no ring)
MPRegen  0.2/turn               (no ring)

@: appendage, very slow
A: unfitting armour, talons 3, cold-blooded, AC +5
a: End Transformation, Bend Time, Renounce Religion


You were on level 3 of the Dungeon.
You worshipped Cheibriados.
Cheibriados was aware of your devotion.
You were not hungry.
You had grown temporary talons.
You visited 1 branch of the dungeon, and saw 4 of its levels.

You collected 200 gold pieces.

Inventory:

Missiles
 a - 12 arrows
 j - 7 tomahawks (quivered)
Armour
 l - a scarf of resistance
Scrolls
 d - a scroll of teleportation {unknown}
 h - a scroll of random uselessness {unknown}
 i - a scroll of recharging {unknown}
 n - a scroll of amnesia {unknown}
Potions
 e - a potion of magic {unknown}
 g - 3 potions of heal wounds {unknown}
Books
 b - a book of Changes

   Spells                             Type                      Level
   a - Beastly Appendage              Transmutation                1
   b - Sticks to Snakes               Transmutation                2
   c - Spider Form                    Transmutation/Poison         3
   d - Ice Form                       Ice/Transmutation            4
   e - Blade Hands                    Transmutation                5
 m - a book of Minor Magic

   Spells                             Type                      Level
   a - Magic Dart                     Conjuration                  1
   b - Blink                          Translocation                2
   c - Call Imp                       Summoning                    2
   d - Slow                           Hexes                        2
   e - Conjure Flame                  Conjuration/Fire             3
   f - Mephitic Cloud                 Conjuration/Poison/Air       3
Comestibles
 c - 4 bread rations
 f - a chunk of flesh
 k - 5 meat rations


   Skills:
 - Level 1.1 Fighting
 - Level 1.7 Dodging
 - Level 6.0 Unarmed Combat
 - Level 2.0 Spellcasting
 + Level 2.0 Transmutations


You had 7 spell levels left.
You knew the following spells:

 Your Spells              Type           Power        Failure   Level  Hunger
a - Beastly Appendage     Tmut           #.....       9%          1    #......


Dungeon Overview and Level Annotations

Branches:
Dungeon (4/15)
 Temple: D:4-7

Altars:
Cheibriados


Innate Abilities, Weirdness & Mutations

Your plain brown scales are hard. (AC +5)
You cannot fit into any form of body armour.
You are cold-blooded and may be slowed by cold attacks.
You have claws for feet.


Message History

The orc priest invokes the aid of Beogh against you.
Beogh smites you! The orc misses you.
You climb downwards.
A bullfrog and an ogre come into view.
Your horns disappear.
Found a club and a scroll labeled HAHYKI JOHEFAO.
There is a stone staircase leading up here.
The orc hits you but does no damage.
The bullfrog hits you but does no damage.
The orc barely misses you. x2
You climb upwards.
The orc priest looks braver for a moment.
There is a stone staircase leading down here.
Casting: Beastly Appendage
Confirm with . or Enter, or press ? or * to list all spells.
Your feet morph into talons.
The bullfrog hits you. The orc closely misses you. x2
The orc barely misses you.
The orc priest mumbles some strange prayers to Beogh against you.
Beogh smites you!
You die...

....# ###.# ###.# .##.#
.##.# .##.# ###########
.##.# #..........
.##.###########..F.......
.............[.o@..o.....
.#..........###oo........
.#.########.# #..........
.#.# #.# #.......... .#.#
#.# #.......... .#.# #.#
#.......... .#.########.#
#.......... .............
........... .#.########.#


You could see a bullfrog, an orc priest and 3 orcs.

Vanquished Creatures
  Terence (D:2)
  Natasha (D:2)
  2 adders (D:2)
  A worm (D:3)
  4 dart slugs
  3 leopard geckos
  6 orcs (D:3)
  7 bats
  6 giant cockroaches
  13 hobgoblins
  10 jackals
  5 quokkas
  3 frilled lizards
  8 goblins
  4 kobolds
  8 rats
82 creatures vanquished.

Notes
Turn   | Place    | Note
-------+----------+-------------------------------------------
     0 | D:1      | Knicklaso the Draconian Transmuter began the quest for the Orb.
     0 | D:1      | Reached XP level 1. HP: 16/16 MP: 3/3
   124 | D:1      | Reached XP level 2. HP: 16/23 MP: 5/5
   350 | D:1      | Reached skill level 4 in Unarmed Combat
   411 | D:1      | Reached XP level 3. HP: 28/28 MP: 6/6
  1247 | D:2      | Reached XP level 4. HP: 31/35 MP: 7/7
  1270 | D:2      | Reached skill level 5 in Unarmed Combat
  1651 | D:2      | Found a snail-covered altar of Cheibriados.
  1657 | D:2      | Became a worshipper of Cheibriados the Contemplative
  1661 | D:2      | Noticed Natasha
  1667 | D:2      | Killed Natasha
  1970 | D:2      | Noticed Terence
  1981 | D:2      | Killed Terence
  1981 | D:2      | Reached XP level 5. HP: 40/40 MP: 6/8
  2233 | D:3      | Reached skill level 6 in Unarmed Combat
  2396 | D:3      | Reached * piety under Cheibriados
  2588 | D:4      | Noticed an ogre
  2591 | D:3      | Killed from afar by an orc priest

Skill      XL: |  1  2  3  4  5 |
---------------+----------------+-----
Unarmed Combat | 4 5 6 |  6.0
Fighting       | |  1.1
Dodging        | |  1.7
Spellcasting   | |  2.0
Transmutations | |  2.0

Action                   |  1- 3 |  4- 6 || total
-------------------------+-------+-------++-------
Melee: Unarmed           |   131 |   123 ||   254
       Tailslap          |    10 |    10 ||    20
       Headbutt          |     3 |     6 ||     9
       Kick              |     5 |    13 ||    18
       Punch             |     2 |     3 ||     5
Throw: Tomahawk          |     2 |       ||     2
 Cast: Beastly Appendage |     6 |    13 ||    19
 Stab: Sleeping          |       |     1 ||     1
  Eat: Chunk             |     1 |     5 ||     6
Armor: Skin              |    41 |    28 ||    69
Dodge: Dodged            |    82 |    77 ||   159
